 Dungeon Crawl Stone Soup version 0.17.0-24-gcfadda4 (webtiles) character file.

206 Eptagon the Caller (level 5, 1/28 HPs)
             Began as a Deep Elf Summoner on Nov 16, 2015.
             Quit the game on level 4 of the Dungeon.
             The game lasted 00:13:06 (3559 turns).

Eptagon the Caller (Deep Elf Summoner)              Turns: 3559, Time: 00:13:06

Health: 1/28       AC:  3    Str:  1 (5)  XL:     5   Next: 53%
Magic:  1/15       EV: 13    Int: 21      God:
Gold:   162        SH:  0    Dex: 15      Spells: 4 memorised, 3 levels left

rFire  + . .     SeeInvis .     a - +1 scythe
rCold  . . .     Clarity  .     n - +1 robe {rF+}
rNeg   + + .     SustAt   .     (shield currently unavailable)
rPois  .         Gourm    .     (no helmet)
rElec  .         Spirit   .     (no cloak)
rCorr  .         Warding  +     (no gloves)
rMut   .         Stasis   .     (no boots)
MR     .....                    q - amulet of warding
Stlth  ++........               (no ring)
                                l - ring of positive energy

@: lethally poisoned (1 -> -3), not resistant to hostile enchantments,
unstealthy
A: no striking features
a: no special abilities


You were on level 4 of the Dungeon.
You were not hungry.

You visited 1 branch of the dungeon, and saw 4 of its levels.

You collected 162 gold pieces.

Inventory:

Hand Weapons
 a - a +1 scythe (weapon)
Armour
 n - a +1 robe of fire resistance (worn)
Jewellery
 l - a ring of positive energy (left hand)
 q - an amulet of warding (around neck)
Scrolls
 i - 4 scrolls of remove curse
 k - a scroll of teleportation
Potions
 f - a potion of degeneration
 g - a potion of haste
Books
 b - a book of Callings

   Spells                             Type                      Level
   a - Summon Small Mammal            Summoning                    1
   b - Call Imp                       Summoning                    2
   c - Call Canine Familiar           Summoning                    3
   d - Summon Guardian Golem          Hexes/Summoning              3
   e - Summon Lightning Spire         Summoning/Air                4
   f - Summon Ice Beast               Ice/Summoning                4
Comestibles
 c - 4 bread rations
 h - 2 beef jerkies
 m - a chunk of flesh
 r - a meat ration


   Skills:
 - Level 2.4 Dodging
 - Level 2.4 Stealth
 + Level 5.9 Spellcasting
 + Level 6.1 Summonings


You had 3 spell levels left.
You knew the following spells:

 Your Spells              Type           Power        Failure   Level  Hunger
b - Call Imp              Summ           ####....     1%          2    None
c - Call Canine Familiar  Summ           ####....     2%          3    ##.....
d - Summon Guardian Gole  Hex/Summ       ###.....     10%         3    ##.....
e - Summon Ice Beast      Ice/Summ       ###.....     28%         4    ####...


Dungeon Overview and Level Annotations

Branches:
Dungeon (4/15)
 Temple: D:4-7

Altars:
Nemelex Xobeh
Ru


Message History

Read which item? (? for menu, Esc to quit)
Okay, then.
Drink which item? (? for menu, Esc to quit)
Okay, then.
* * * LOW HITPOINT WARNING * * *
You feel sick.
Your hound closely misses the worker ant.
The worker ant misses your hound.
You see here a royal jelly.
d - a royal jelly Your hound bites the worker ant.
The worker ant dies!
Eat which item? (? for menu, Esc to quit)
* * * LOW HITPOINT WARNING * * *
You feel sick.
You continue eating. x2
* * * LOW HITPOINT WARNING * * *
You feel sick.
You finish eating.
That royal jelly was delicious!
Are you sure you want to abandon this character and quit the game? (Confirm with "yes".)

#########
#.......# #@#
.$.###h########
#.....5ยง..<.5#
...####.######.#
#.# # ..# ####


You could see a friendly hound and a friendly crimson imp.

Vanquished Creatures
  An adder (D:2)
  3 goblins (D:2)
  2 hobgoblins (D:2)
  A quokka (D:3)
  4 bats
  2 giant cockroaches (D:3)
  A giant gecko (D:2)
  2 giant newts (D:2)
  3 kobolds
  A rat (D:2)
20 creatures vanquished.

Vanquished Creatures (collateral kills)
  Sigmund (D:2)
  A giant frog skeleton (D:4)
  Jessica (D:3)
  A worker ant (D:4)
  6 adders
  3 worms (D:2)
  5 giant cockroaches
  4 goblins
  5 hobgoblins
  2 jackals (D:1)
  2 quokkas
  A ball python (D:2)
  5 bats
  A giant gecko (D:1)
  2 giant newts
  9 kobolds
  4 rats
53 creatures vanquished.

Grand Total: 73 creatures vanquished

Notes
Turn   | Place    | Note
--------------------------------------------------------------
     0 | D:1      | Eptagon the Deep Elf Summoner began the quest for the Orb.
     0 | D:1      | Reached XP level 1. HP: 10/10 MP: 6/6
   678 | D:1      | Reached XP level 2. HP: 15/15 MP: 5/8
   962 | D:1      | Found a sparkling altar of Nemelex Xobeh.
  1210 | D:2      | Learned a level 2 spell: Call Imp
  1687 | D:2      | Noticed Sigmund
  1717 | D:2      | Killed Sigmund
  1717 | D:2      | Reached skill level 5 in Spellcasting
  1717 | D:2      | Reached skill level 5 in Summonings
  1717 | D:2      | Reached XP level 3. HP: 15/19 MP: 0/11
  1717 | D:2      | Reached XP level 4. HP: 18/24 MP: 0/13
  2502 | D:2      | Learned a level 3 spell: Call Canine Familiar
  2506 | D:2      | Learned a level 3 spell: Summon Guardian Golem
  2511 | D:2      | Learned a level 4 spell: Summon Ice Beast
  2639 | D:2      | Reached XP level 5. HP: 28/28 MP: 14/14
  2961 | D:3      | Found a sacrificial altar of Ru.
  3072 | D:3      | Noticed Jessica
  3080 | D:3      | Killed Jessica
  3414 | D:3      | Reached skill level 6 in Summonings
  3558 | D:4      | HP: 1/28 [poisoned by a worker ant]
  3559 | D:4      | Quit the game

Action                   |  1- 3 |  4- 6 || total
-------------------------+-------+-------++-------
Melee: Unarmed           |    15 |       ||    15
       Scythe            |       |    78 ||    78
 Cast: Summon Small Mamm |    48 |       ||    48
       Call Imp          |    12 |    23 ||    35
       Call Canine Famil |       |     9 ||     9
  Use: Scroll            |     1 |     8 ||     9
       Potion            |       |     1 ||     1
 Stab: Sleeping          |     1 |     8 ||     9
       Distracted        |       |     2 ||     2
  Eat: Chunk             |     2 |     7 ||     9
       Royal jelly       |       |     1 ||     1
